 Dungeon Crawl Stone Soup version 0.31.0-32-g396128a36d (webtiles) character file.

Game seed: 6821150278697696594

1956 RatsInWalls the Trooper (level 8, -2/57 (67) HPs)
             Began as a Demigod Wanderer on Mar 10, 2024.
             Slain by a wight
             ... wielding a +2 falchion
              (9 damage)
             ... on level 5 of the Dungeon.
             The game lasted 00:23:03 (8654 turns).

RatsInWalls the Trooper (Demigod Wanderer)          Turns: 8654, Time: 00:23:04

HP:   -2/57 (67)    AC: 11    Str: 15    XL:     8   Next: 67%
MP:   17/18         EV: 11    Int: 18    God:
Gold: 420           SH:  5    Dex: 15    Spells: 14/16 levels left

rFire   . . .        n - +0 short sword (venom)
rCold   . . .        E - +0 buckler
rNeg    . . .        D - +0 ring mail
rPois   .            b - +0 helmet
rElec   .            (no cloak)
rCorr   .            (no gloves)
SInv    .            (no boots)
Will    .....        (no amulet)
Stlth   +            w - ring of wizardry
HPRegen 0.29/turn    u - +4 ring of protection
MPRegen 0.16/turn

%: wizardry (x1)
@: attractive, on blink cooldown, heavily drained
A: high MP 1, forlorn, divine attributes
a: no special abilities


You were on level 5 of the Dungeon.
You visited 1 branch of the dungeon, and saw 7 of its levels.
You also visited: Sewer.

You collected 420 gold pieces.

Inventory:

Hand Weapons
 a - a +0 rapier
 n - a +0 short sword of venom (weapon)
 H - a +1 sling of draining
Missiles
 f - 3 atropa-tipped darts (quivered)
Armour
 b - a +0 helmet (worn)
 d - a +0 robe of cold resistance
 e - a +0 leather armour
 D - a +0 ring mail (worn)
 E - a +0 buckler (worn)
Jewellery
 p - a +6 ring of strength
 r - a +6 ring of intelligence
 u - a +4 ring of protection (right hand)
 w - a ring of wizardry (left hand)
 A - a ring of flight
 C - a ring of resist corrosion
Wands
 l - a wand of polymorph (10)
 t - a wand of roots (8)
 y - a wand of charming (15)
Scrolls
 h - a scroll of amnesia
 i - a scroll of fear {unknown}
 j - a scroll of poison {unknown}
 o - a scroll of torment
 v - a scroll of teleportation {unknown}
 z - a scroll of brand weapon
 B - a scroll of enchant armour {unknown}
 F - a scroll of immolation {unknown}
 G - a scroll of acquirement {unknown}
Potions
 c - a potion of heal wounds {unknown}
 g - a potion of invisibility {unknown}
 k - a potion of haste
 m - a potion of curing {unknown}
 q - 2 potions of attraction
 s - a potion of magic {unknown}
 x - 2 potions of mutation {unknown}


   Skills:
 + Level 4.9 Fighting
 - Level 3.1 Short Blades
 - Level 2.0 Throwing
 + Level 4.0 Armour
 - Level 3.4 Dodging
 - Level 1.7 Stealth
 + Level 2.5 Shields
 + Level 4.5 Spellcasting
 - Level 2.2 Translocations
 + Level 3.1 Evocations


You had 14 spell levels left.
You knew the following spells:

 Your Spells              Type           Power      Damage    Failure   Level
a - Blink                 Tloc           24%        N/A       9%          2

Your spell library contained the following spells:

 Spells                   Type           Power      Damage    Failure   Level
 Apportation              Tloc           24%        N/A       6%          1
 Magic Dart               Conj           16%        1d3       14%         1
 Shock                    Conj/Air       16%        1d4       14%         1
 Searing Ray              Conj           8%         2d4       21%         2
 Dazzling Flash           Conj/Hex       8%         N/A       38%         3
 Fugue of the Fallen      Necr           4%         N/A       38%         3
 Ozocubu's Armour         Ice            4%         N/A       38%         3
 Manifold Assault         Tloc           12%        N/A       45%         4
 Fulminant Prism          Conj/Alch      2%         3d5       77%         4


Dungeon Overview and Level Annotations

Branches:
Dungeon (7/15)             Temple (0/1) D:6           Sewer (visited)

Shops:
D:1 [*

Annotations:
D:3 2 runed translucent doors, spaghetti's ghost, amateur DsSu
D:7 Menkaure


Innate Abilities, Weirdness & Mutations

You have an increased reservoir of magic. (+10% MP)
You shall have no god before yourself.
Your divine heritage dramatically boosts your attributes as you level up.


Message History

An orc comes into view. It is wielding a +0 whip.
A wight comes into view. It is wielding a +5 short sword.
You block the wight's attack. The orc misses you. The wight barely misses you.
You block the orc's attack.
There is a stone staircase leading up here.
The wight barely misses you. x2; The orc hits you but does no damage.
The wight hits you from afar with a +0 halberd!
You feel drained.
You climb upwards.
There is a stone staircase leading down here.
You closely miss the wight.
The wight is heavily damaged.
The wight barely misses you.
The wight hits you with a +5 short sword.
The orc hits you with a +0 whip.
You hit the wight but do no damage.
The wight is heavily damaged.
The wight hits you with a +2 falchion. The orc misses you.
The wight hits you but does no damage. The wight hits you but does no damage.
The orc attacks as it pursues you! The orc barely misses you.
The wight hits you with a +2 falchion.
You feel drained.
There is a stone staircase leading up, spattered with blood here.
The wight hits you with a +2 falchion!
You feel drained.
The wight hits you with a +5 short sword!
* * * LOW HITPOINT WARNING * * *
You feel drained.
* * * LOW HITPOINT WARNING * * *
You block the orc's attack.
You climb upwards.
There is a stone staircase leading down here.
Casting: Blink (safe; 9% risk of failure)
Confirm with . or Enter, or press ? or * to list all spells.
You blink.
The wight hits you with a +2 falchion.
* * * LOW HITPOINT WARNING * * *
It was a potion of attraction.
You feel attractive to monsters. The wight hits you with a +2 falchion!
You die...

##......#...#<.#......#.#........
...#....#..#.......#....#........
...#....#..+.......#....#........
...#....###############'#........
#####.....###########...#....###'
#.....#............<#....#...
#.....#.......>.....'....#...
#....(#.............#....#...
#####.....##'###@####..##....#...
..#..##........#z####..#.....#...
..#...#........#.o.....#.....#...
..#...+........#..z....'.....#...
..#...#........#.......#.....#..≈
..#...#....<...#.....>.#.....#...
..#...#........#..>....#.....'..8
..##..#........#######'#.....##..
#'##..######'#..........<.......≈


You could see 2 wights and an orc.

Vanquished Creatures
  Joseph (D:7)
  A steam dragon (D:7)
  An ice beast (D:6)
  A black bear (D:4)
  A crocodile (Sewer)
  A sky beast (D:4)
  A centaur (D:7)
  A phantom (D:5)
  A bullfrog (D:6)
  3 scorpions
  3 howler monkeys (D:7)
  A hound (D:6)
  2 orc priests
  2 sleepcaps (D:6)
  2 iguanas
  4 orc wizards
  12 adders
  3 river rats (D:6)
  2 white imps (D:6)
  A dart slug (D:4)
  4 ribbon worms
  25 orcs
  6 bats
  4 endoplasms
  A giant cockroach (D:4)
  6 goblins
  9 hobgoblins
  4 jackals (Sewer)
  3 quokkas
  3 ball pythons
  6 kobolds
  6 rats
121 creatures vanquished.

Vanquished Creatures (collateral kills)
  A water moccasin (D:7)
1 creature vanquished.

Grand Total: 122 creatures vanquished

Notes
Turn   | Place    | Note
-------+----------+-------------------------------------------
     0 | D:1      | RatsInWalls the Demigod Wanderer began the quest for the
                  | Orb.
     0 | D:1      | RatsInWalls set off with the following items: a +0 short
                  | sword, a +0 helmet, a scroll of summoning, a +0 robe; and
                  | the following spells available to memorise: Apportation,
                  | Shock, Blink, Dazzling Flash.
     0 | D:1      | Reached XP level 1. HP: 17/17 MP: 5/5
   349 | D:1      | Reached XP level 2. HP: 24/24 MP: 7/7
   723 | D:1      | Found Jiat's Assorted Antiques.
   858 | D:1      | Found Zoefis's Armour Emporium.
  1214 | D:2      | Reached XP level 3. HP: 29/29 MP: 8/8
  1305 | D:2      | Reached skill level 1 in Armour
  1681 | D:2      | Reached XP level 4. HP: 34/37 MP: 8/10
  2216 | D:3      | Found a large runed translucent door.
  2217 | D:3      | Found a large runed translucent door.
  2218 | D:3      | Noticed spaghetti's ghost (amateur DsSu)
  2337 | D:3      | Reached XP level 5. HP: 42/42 MP: 11/11
  2980 | D:3      | Learned a level 2 spell: Blink
  3469 | D:4      | Noticed a sky beast
  3502 | D:4      | Killed a sky beast
  3503 | D:4      | Reached XP level 6. HP: 18/51 MP: 13/13
  4518 | D:5      | Entered Level 5 of the Dungeon
  5147 | D:5      | Reached skill level 1 in Translocations
  5147 | D:5      | Reached XP level 7. HP: 57/57 MP: 13/15
  5686 | D:6      | Found a glowing drain.
  5695 | Sewer    | Entered a sewer
  6166 | D:6      | Reached skill level 1 in Evocations
  7147 | D:6      | Reached XP level 8. HP: 61/66 MP: 17/17
  7300 | D:6      | Found a staircase to the Ecumenical Temple.
  7685 | D:7      | Reached skill level 1 in Shields
  7847 | D:7      | Noticed Joseph
  7874 | D:7      | HP: 3/65 [Joseph/sling bullet (3)]
  7879 | D:7      | Killed Joseph
  8136 | D:7      | Noticed Menkaure
  8654 | D:5      | Slain by a wight

Illustrated notes

Levels and vault maps discovered:
D:1:      shiori_arrival_oz, layout_basic, serial_shops, nicolae_square_shop,
          shop
D:2:      layout_rooms, grunt_decor_cap, columned_hall_lemuel,
          kennysheep_crisscross
D:3:      kennysheep_big_flooded_room, layout_basic, ebering_ghost_disaster_area
D:4:      layout_layer_cave
D:5:      layout_gridville, mainiacjoe_overflow_catwalk,
          nicolae_sif_muna_little_library, minmay_misc_feat_room
D:6:      layout_basic, general_overflow_altar,
          chequers_temple_overflow_statue_of_worship,
          minmay_temple_entry_butterflies, lightli_sewer_entry_pipes,
          minivault_23, bh_walls_and_bars
D:7:      layout_loops_ring, nicolae_tso_swordbearing_angel,
          mainiacjoe_overflow_24_doors, uniq_prince_ribbit1, uniq_menkaure,
          uniq_joseph

Skill      XL: |  1  2  3  4  5  6  7  8 |
---------------+-------------------------+-----
Fighting       | 2 3 4 |  4.9
Spellcasting   | 2 3 4 |  4.5
Armour         | 1 2 3 4 |  4.0
Dodging        | 2 3 |  3.4
Throwing       | 2 |  2.0
Short Blades   | 2 3 |  3.1
Translocations | 1 2 |  2.2
Evocations     | 1 3 |  3.1
Shields        | 2 |  2.5
Stealth        | |  1.7

Action                     |  1- 3 |  4- 6 |  7- 9 || total
---------------------------+-------+-------+-------++-------
  Melee: Short sword       |   163 |   217 |   291 ||   671
         Punch             |     4 |     3 |     3 ||    10
   Cast: Blink             |       |       |     4 ||     4
    Use: Potion            |     1 |       |     2 ||     3
         Scroll            |       |     1 |     7 ||     8
   Stab: Sleeping          |     3 |     5 |       ||     8
 Armour: Leather armour    |    97 |    98 |    32 ||   227
         Robe              |     4 |       |       ||     4
         Skin              |     5 |       |       ||     5
         Ring mail         |       |       |   166 ||   166
  Dodge: Dodged            |    76 |    98 |   154 ||   328
  Block: Buckler           |       |       |    19 ||    19
